 Dungeon Crawl Stone Soup version 0.29-a0-11-ga75d3d97ab (webtiles) character file.

Game seed: 13403213036356903452

5135 vineage the Fighter (level 10, -1/69 HPs)
             Began as a Gargoyle Fighter on Jan 28, 2022.
             Was a Believer of Okawaru.
             Slain by a wyvern (5 damage)
             ... on level 9 of the Dungeon.
             The game lasted 00:10:31 (10076 turns).

vineage the Fighter (Gargoyle Fighter)             Turns: 10076, Time: 00:10:32

Health: -1/69      AC: 19    Str: 21    XL:     10   Next: 58%
Magic:  10/10      EV: 11    Int:  8    God:    Okawaru [**....]
Gold:   1401       SH:  7    Dex: 15    Spells: 9/9 levels left

rFire   + . .      SeeInvis .   a - +0 flail (vorpal)
rCold   . . .      Faith    .   c - +1 buckler
rNeg    + . .      Spirit   .   w - +5 robe of the Elven Halls {rF+ Will+ Dex+2}
rPois   ∞          Reflect  .   (no helmet)
rElec   +          Harm     .   (no cloak)
rCorr   .          Rampage  ∞   (no gloves)
Will    +....                   h - +3 pair of seven-league boots {Rampage+∞}
Stlth   +.........              (no amulet)
HPRegen 0.21/turn               (no ring)
MPRegen 0.12/turn               (no ring)

@: studying Long Blades
A: sickness immunity, AC +7, negative energy resistance 1, electricity
resistance, torment resistance 1, petrification resistance
a: Renounce Religion, Heroism


You were on level 9 of the Dungeon.
You worshipped Okawaru.
Okawaru was pleased with you.
You visited 2 branches of the dungeon, and saw 10 of its levels.

You collected 1401 gold pieces.

Inventory:

Hand Weapons
 a - a +0 vorpal flail (weapon)
Missiles
 i - 4 throwing nets (quivered)
Armour
 b - a +0 scale mail
 c - a +1 buckler (worn)
 h - the +3 pair of seven-league boots (worn) {Rampage+∞}
   (You acquired it on level 2 of the Dungeon)

   Its wearer moves as far as possible in that direction when moving towards
   enemies.
 w - the +5 robe of the Elven Halls (worn) {rF+ Will+ Dex+2}
   (You found it on level 5 of the Dungeon)

   Dex:       It affects your dexterity (+2).
   rF:        It protects you from fire.
   Will:      It increases your willpower.
Jewellery
 l - a ring of wizardry
 p - a ring of protection from cold
 q - a ring of protection from cold
 v - a ring of flight
 y - a ring of wizardry
Wands
 d - a wand of iceblast (6)
 r - a wand of acid (8)
Scrolls
 g - 2 scrolls of blinking
 j - a scroll of fog
 m - 2 scrolls of teleportation
 n - 2 scrolls of enchant armour
 o - a scroll of identify
Potions
 e - a potion of invisibility
 k - 2 potions of curing {unknown}
 t - a potion of degeneration {unknown}
 u - a potion of cancellation {unknown}
 x - a potion of attraction {unknown}


   Skills:
 * Level 11.1 Fighting
 + Level 7.1 Maces & Flails
 + Level 8.2 Armour
 + Level 8.2 Shields


You had 9 spell levels left.
You didn't know any spells.
Your spell library contained the following spells:

 Spells                   Type           Power      Damage    Failure   Level
 Ignite Poison            Fire/Tmut/Pois 0%         N/A       85%         3
 Mephitic Cloud           Conj/Pois/Air  0%         N/A       85%         3
 Freezing Cloud           Conj/Ice/Air   0%         6-21      100%        5


Dungeon Overview and Level Annotations

Branches:
Dungeon (9/15)             Temple (1/1) D:6
   Lair: D:8-11         Orc: D:9-12

Altars:
Ashenzari
Cheibriados
Elyvilon
Hepliaklqana
Nemelex Xobeh
Okawaru
Ru
Sif Muna
Trog
Wu Jian
Yredelemnul
Zin
The Shining One


Innate Abilities, Weirdness & Mutations

You are immune to sickness and miasma.
Your stone body is resilient. (AC +7)
You are immune to poison.
You resist negative energy. (rN+)
You are resistant to electric shocks. (rElec)
You are resistant to unholy torment.
You are immune to petrification.


Message History

The boulder beetle leaps!
The boulder beetle bites you!
* * * LOW HITPOINT WARNING * * *
There is a stone staircase leading down here.
The boulder beetle leaps!
You climb downwards.
There is a stone staircase leading up here.
You start resting.
You feel like a meek peon again.
You start resting.
Magic restored.
You start resting.
A wyvern comes into view.
A wyvern is nearby!
A wyvern is nearby!
You start resting.
A wyvern is nearby!
You stride towards the wyvern!
The wyvern hisses angrily.
You hit the wyvern.
The wyvern is moderately wounded.
You block the wyvern's attack. The wyvern closely misses you.
You hit the wyvern.
The wyvern is moderately wounded.
The wyvern barely misses you.
You sock the wyvern!
The wyvern is almost dead.
The wyvern bites you!
* * * LOW HITPOINT WARNING * * *
The wyvern bites you but does no damage.
You hit the wyvern but do no damage.
The wyvern is almost dead.
You block the wyvern's attack. x2
You hit the wyvern.
The wyvern is almost dead.
You block the wyvern's attack.
You completely miss the wyvern.
The wyvern is almost dead.
The wyvern bites you.
You die...

## .. #.
#..####
#..#..
#l...#######
#l.......
#@#######
#.# ###


You could see a wyvern.

Vanquished Creatures
  A centaur warrior (D:8)
  2 trolls (D:8)
  Sigmund (D:2)
  4 yaks (D:7)
  A vampire mosquito (D:8)
  A steam dragon (D:7)
  3 water moccasins
  A necrophage (D:5)
  4 orc warriors
  An ogre (D:6)
  A centaur (D:8)
  2 phantoms
  3 bullfrogs
  2 kobold brigands
  3 scorpions
  A wyvern zombie (D:7)
  A water moccasin zombie (D:7)
  A killer bee (D:7)
  A wight (D:4)
  A vampire bat (D:5)
  A bullfrog zombie (D:7)
  3 centaur zombies
  2 gnoll shamans
  A hound (D:4)
  A centaur skeleton (D:6)
  5 orc priests
  A jelly (D:7)
  4 iguanas
  Ijyb (D:3)
  Natasha (thrice) (D:2)
  4 orc wizards
  A killer bee zombie (D:7)
  2 hound skeletons (D:4)
  15 gnolls
  2 howler monkey skeletons (D:6)
  8 adders
  2 white imps (D:6)
  An adder skeleton (D:4)
  2 worms
  2 dart slugs
  3 fire bats (D:5)
  52 orcs
  2 spectral bats (D:5)
  7 ball pythons
  14 bats
  A bat simulacrum (D:5)
  3 bat skeletons (D:5)
  A bat zombie (D:5)
  10 endoplasms
  2 giant cockroaches
  4 goblins
  8 hobgoblins
  7 jackals
  5 quokkas
  5 frilled lizards
  16 kobolds
  8 rats
244 creatures vanquished.

Vanquished Creatures (others)
  11 plants
11 creatures vanquished.

Grand Total: 255 creatures vanquished

Notes
Turn   | Place    | Note
-------+----------+-------------------------------------------
     0 | D:1      | vineage the Gargoyle Fighter began the quest for the Orb.
     0 | D:1      | Reached XP level 1. HP: 14/14 MP: 1/1
   161 | D:1      | Reached XP level 2. HP: 18/19 MP: 2/2
   735 | D:1      | Reached XP level 3. HP: 24/24 MP: 3/3
  1018 | D:2      | Identified a scroll of acquirement
  1018 | D:2      | Acquired the +3 pair of seven-league boots {Rampage+∞}
  1018 | D:2      | Found the +3 pair of seven-league boots {Rampage+∞}
  1036 | D:2      | Reached skill level 4 in Fighting
  1128 | D:2      | Noticed Sigmund
  1135 | D:2      | Killed Sigmund
  1136 | D:2      | Reached skill level 5 in Fighting
  1136 | D:2      | Reached XP level 4. HP: 23/31 MP: 4/4
  1136 | D:2      | Reached XP level 5. HP: 26/35 MP: 5/5
  1241 | D:2      | Noticed Natasha
  1246 | D:2      | Reached XP level 6. HP: 15/40 MP: 6/6
  1253 | D:2      | Killed Natasha
  1525 | D:2      | Noticed Natasha
  1537 | D:2      | Killed Natasha
  1671 | D:2      | Noticed Natasha
  1678 | D:2      | Killed Natasha
  2045 | D:2      | Found a faded altar of an unknown god.
  2307 | D:3      | You fall into a shaft and drop 1 floor!
  2442 | D:3      | Noticed Ijyb
  2463 | D:3      | Killed Ijyb
  3125 | D:3      | Reached XP level 7. HP: 35/45 MP: 7/7
  3248 | D:3      | Reached skill level 6 in Fighting
  3749 | D:4      | Reached skill level 5 in Armour
  3749 | D:4      | Reached skill level 5 in Shields
  4798 | D:5      | Entered Level 5 of the Dungeon
  4819 | D:5      | Reached XP level 8. HP: 49/52 MP: 8/8
  4826 | D:5      | Reached skill level 7 in Fighting
  5508 | D:5      | Identified the +5 robe of the Elven Halls {rF+ Will+ Dex+2}
  5519 | D:5      | Found an ornate altar of the Wu Jian Council.
  5550 | D:5      | Reached skill level 5 in Maces & Flails
  5679 | D:5      | Reached skill level 8 in Fighting
  5991 | D:6      | Reached XP level 9. HP: 60/60 MP: 9/9
  6342 | D:6      | Found a staircase to the Ecumenical Temple.
  6370 | Temple   | Entered the Ecumenical Temple
  6458 | Temple   | Became a worshipper of Warmaster Okawaru
  6672 | D:6      | Reached skill level 9 in Fighting
  7118 | D:6      | Acquired 916 gold pieces
  7326 | D:7      | HP: 3/90 [orc warrior (16)]
  7989 | D:7      | Reached * piety under Okawaru
  8546 | D:7      | Reached skill level 10 in Fighting
  8551 | D:7      | Reached XP level 10. HP: 68/68 MP: 8/10
  9021 | D:8      | Noticed a centaur warrior
  9030 | D:8      | HP: 5/102 [centaur warrior/arrow (17)]
  9030 | D:8      | HP: 2/102 [centaur warrior/arrow (3)]
  9036 | D:8      | HP: 1/102 [centaur warrior (2)]
  9037 | D:8      | Killed a centaur warrior
  9429 | D:8      | Reached ** piety under Okawaru
  9517 | D:8      | Reached skill level 11 in Fighting
 10018 | D:8      | Noticed a boulder beetle
 10034 | D:8      | HP: 2/69 [boulder beetle (16)]
 10073 | D:9      | HP: 3/69 [wyvern (7)]
 10076 | D:9      | Slain by a wyvern

Illustrated notes

Levels and vault maps discovered:
D:1:      dpeg_arrival_rooms_with_view, layout_rooms, grunt_decor_clamped
D:2:      layout_basic, shapermc_ecumenical_altar_hornbeckon, uniq_natasha,
          uniq_sigmund
D:3:      layout_rooms, hangedman_decor_riveting, minmay_misc_feat_encased,
          uniq_ijyb
D:4:      layout_loops_ring, hangedman_decor_points, chequers_avenue,
          chequers_big_river, minmay_manual_macuahuitl
D:5:      layout_rooms, nzn_wu_jian_council_hall, st_stairs_10, goddamned_bats
D:6:      layout_cave_pods, minmay_temple_entry_statues_pillars, st_stairs_10,
          chequers_arboretum, lexackson_kobold_supper
D:7:      layout_loops_corners, minmay_misc_feat_enclosed,
          kennysheep_another_room, st_stairs_6
D:8:      minmay_diamond_stairs, layout_cave_pods, enter_bailey_2, serial_shops,
          nicolae_shop_advertising_works [nicolae_subvault_shop_adworks]
D:9:      layout_basic, zombieorc2_lemuel, ebering_ghost_inner_flame,
          uniq_harold
Temple:   mainiacjoe_temple_archimedes_tessellation

Skill      XL: |  1  2  3  4  5  6  7  8  9 10 |
---------------+-------------------------------+-----
Fighting       | 5 6 8 10 11 | 11.1
Maces & Flails | 3 4 5 6 7 |  7.1
Armour         | 4 5 6 7 8 |  8.2
Shields        | 4 5 6 7 8 |  8.2

Action                   |  1- 3 |  4- 6 |  7- 9 | 10-12 || total
-------------------------+-------+-------+-------+-------++-------
Melee: Flail             |    76 |   142 |   621 |   126 ||   965
Invok: Heroism           |       |       |     1 |     2 ||     3
  Use: Scroll            |     1 |     8 |     6 |       ||    15
       Potion            |       |     2 |     1 |     1 ||     4
 Stab: Sleeping          |       |       |     1 |       ||     1
Armor: Scale mail        |    44 |    67 |   157 |       ||   268
       Robe              |       |       |   233 |    85 ||   318
Dodge: Dodged            |    45 |    56 |   325 |    81 ||   507
Block: Buckler           |    22 |    38 |   185 |    63 ||   308

Table legend: (Time is in decaauts)
 A = Elapsed time spent in this place.
 B = Non-inter-level travel time spent in this place.
 C = Inter-level travel time spent in this place.
 D = Time resting spent in this place.
 E = Time spent auto-exploring this place.
 F = Levels seen in this place.
 G = Mean time per level.
                   A        B        C        D        E       F      G
               +--------+--------+--------+--------+--------+-----+--------+
         Total |  10313 |  10056 |    257 |   1462 |   6762 |  10 | 1031.3 |
       Dungeon |  10167 |   9971 |    196 |   1462 |   6690 |   9 | 1129.7 |
        Temple |    145 |     84 |     61 |      0 |     72 |   1 |  145.0 |
               +--------+--------+--------+--------+--------+-----+--------+

Top non-repeatable levels by time:
     D:7: 1858 daAuts
     D:4: 1663 daAuts
     D:2: 1298 daAuts
     D:6: 1191 daAuts
     D:5: 1092 daAuts
     D:8: 1046 daAuts
     D:1: 1036 daAuts
     D:3: 942 daAuts
  Temple: 145 daAuts
     D:9: 38 daAuts
